 Dungeon Crawl Stone Soup version 0.30-a0-377-g5cb311bc9f (webtiles) character file.

Game seed: 4934403536100391138

358 quakins the Cudgeller (level 6, -5/51 HPs)
             Began as an Armataur Warper on Nov 24, 2022.
             Slain by Grinder (9 damage)
             ... while paralysed by Grinder
             ... on level 4 of the Dungeon on Nov 30, 2022.
             The game lasted 00:07:43 (3174 turns).

quakins the Cudgeller (Armataur Warper)             Turns: 3174, Time: 00:07:43

Health: -5/51      AC:  6    Str: 18    XL:     6   Next: 37%
Magic:  8/8        EV:  1    Int: 13    God:
Gold:   192        SH:  0    Dex: 10    Spells: 8/8 levels left

rFire   . . .      SeeInvis .    a - +0 mace
rCold   . . .      Faith    .    (no shield)
rNeg    . . .      Spirit   .    f - +0 ring mail
rPois   .          Reflect  .    e - +0 helmet
rElec   .          Harm     .    (no cloak)
rCorr   .          Roll     +    (no gloves)
Will    .....                    (no barding)
Stlth   ..........               (no amulet)
HPRegen 0.28/turn                (no ring)
MPRegen 0.11/turn                (no ring)

@: paralysed, hasted
A: large, rugged brown scales 3, deformed body, armoured tail, roll, long
tongue, awkward tongue
a: no special abilities


You were on level 4 of the Dungeon.
You visited 1 branch of the dungeon, and saw 4 of its levels.
You also visited: Sewer.

You collected 192 gold pieces.

Inventory:

Hand Weapons
 a - a +0 mace (weapon)
Missiles
 d - 3 boomerangs of dispersal (quivered)
Armour
 e - a +0 helmet (worn)
 f - a +0 ring mail (worn)
Jewellery
 b - a +6 ring of intelligence
 o - a +6 ring of dexterity
 s - an amulet of guardian spirit
Scrolls
 c - 2 scrolls of blinking
 i - a scroll of noise {unknown}
 j - a scroll of summoning {unknown}
 l - a scroll of butterflies {unknown}
 r - a scroll of enchant weapon {unknown}
Potions
 g - a potion of mutation {unknown}
 k - 2 potions of magic {unknown}
 n - a potion of cancellation {unknown}
 p - a potion of degeneration {unknown}
 q - a potion of lignification {unknown}
 t - a potion of resistance {unknown}


   Skills:
 - Level 1.7 Fighting
 + Level 6.2 Maces & Flails
 - Level 0.8 Throwing
 - Level 1.2 Armour
 - Level 1.4 Dodging
 - Level 1.8 Spellcasting
 - Level 3.0 Translocations


You had 8 spell levels left.
You didn't know any spells.
Your spell library contained the following spells:

 Spells                   Type           Power      Damage    Failure   Level
 Blink                    Tloc           18%        N/A       21%         2
 Lesser Beckoning         Tloc           18%        N/A       38%         3
 Teleport Other           Tloc           9%         N/A       38%         3
 Sandblast                Erth           2%         2d4       43%         1
 Cigotuvi's Dreadful Rot  Necr/Pois/Air  2%         N/A       56%         2
 Passwall                 Tmut/Erth      0%         N/A       56%         2
 Poisonous Vapours        Pois/Air       2%         N/A       56%         2
 Vhi's Electric Charge    Tloc/Air       10%        N/A       58%         3
 Mephitic Cloud           Conj/Pois/Air  1%         N/A       80%         3
 Stone Arrow              Conj/Erth      2%         3d7       80%         3
 Manifold Assault         Tloc           9%         N/A       80%         4
 Summon Forest            Summ/Tloc      2%         N/A       100%        5
 Summon Mana Viper        Hex/Summ       1%         N/A       100%        5
 Summon Cactus Giant      Summ           0%         N/A       100%        6


Dungeon Overview and Level Annotations

Branches:
Dungeon (4/15)              Sewer (visited)
 Temple: D:4-7

Altars:

Annotations:
D:4 Grinder


Innate Abilities, Weirdness & Mutations

You are completely covered in rugged brown scales. (AC +3, +7% HP)
Armour fits poorly on your strangely shaped body.
You have a long armoured tail.
You roll when moving toward enemies. (Rampage)
Your long tongue fully drains potion bottles. (2x potion effects)
Your tongue gives you trouble enunciating. (1.5x scroll delay)


Message History

You suddenly lose the ability to move!
Grinder hits you.
You writhe in agony.
Grinder hits you!
You writhe in agony.
You can move again.
You slurp down every last drop of the potion of curing!
You feel better.
Grinder blinks!
You roll towards Grinder!
Grinder says, "There's only one good use for a tongue: cutting it out."
You roll towards Grinder!
You closely miss Grinder. You tail-slap Grinder!
Grinder is severely wounded.
Grinder hits you!
You writhe in agony.
You hit Grinder.
Grinder is severely wounded.
Grinder gestures at you.
You suddenly lose the ability to move!
Grinder blinks!
Grinder gestures at you. Pain shoots through your body!
You can move again.
You slurp down every last drop of the potion of haste!
You feel yourself speed up.
Grinder blinks!
You roll towards Grinder!
You closely miss Grinder.
Your tail-slap misses Grinder.
Grinder is severely wounded.
Grinder blinks!
You closely miss Grinder.
Grinder is severely wounded.
Grinder gestures at you.
You suddenly lose the ability to move!
Grinder says, "There's only one good use for a tongue: cutting it out."
Grinder hits you.
You writhe in agony.
* * * LOW HITPOINT WARNING * * *
Grinder hits you but does no damage. Grinder hits you.
* * * LOW HITPOINT WARNING * * *
You writhe in agony.
* * * LOW HITPOINT WARNING * * *
Grinder hits you!
You die...

#..............####
#.................###
.............#..#...#
##.......#......#
###..............#
................##
..............###
............#####
........@5.../..#
........#.......#
.......##.!.....#
...#... .......##
..##............#
.##..............#
#...............
#.......###.... #....


You could see Grinder.

Vanquished Creatures
  A necrophage (D:4)
  A scorpion (D:4)
  A hound (D:4)
  An orc priest (D:4)
  Terence (D:2)
  6 adders
  3 river rats (Sewer)
  A worm (D:2)
  4 orcs (D:4)
  12 ball pythons
  10 endoplasms
  3 giant cockroaches
  6 goblins
  3 hobgoblins
  A quokka (D:1)
  7 bats
  6 frilled lizards
  A kobold (D:3)
  8 rats
76 creatures vanquished.

Notes
Turn   | Place    | Note
-------+----------+-------------------------------------------
     0 | D:1      | quakins the Armataur Warper began the quest for the Orb.
     0 | D:1      | Reached XP level 1. HP: 18/18 MP: 3/3
     0 | D:1      | Upgraded the game from 0.30-a0-373-gd37427bb62 to
                  | 0.30-a0-377-g5cb311bc9f
   106 | D:1      | Reached skill level 2 in Maces & Flails
   186 | D:1      | Reached XP level 2. HP: 24/25 MP: 4/4
   530 | D:2      | Reached skill level 3 in Maces & Flails
   683 | D:2      | Reached XP level 3. HP: 31/31 MP: 5/5
  1031 | D:2      | Noticed Terence
  1502 | D:3      | Found a glowing drain.
  1510 | D:3      | Reached XP level 4. HP: 37/38 MP: 6/6
  1518 | Sewer    | Entered a sewer
  1534 | Sewer    | Reached skill level 4 in Maces & Flails
  2450 | D:2      | Killed Terence
  2451 | D:2      | Reached XP level 5. HP: 29/43 MP: 7/7
  2889 | D:4      | Reached skill level 5 in Maces & Flails
  2906 | D:4      | Reached XP level 6. HP: 27/51 MP: 8/8
  2922 | D:4      | Reached skill level 6 in Maces & Flails
  3140 | D:4      | Noticed Grinder
  3146 | D:4      | Paralysed by Grinder for 3 turns
  3152 | D:4      | Paralysed by Grinder for 3 turns
  3170 | D:4      | Paralysed by Grinder for 4 turns
  3174 | D:4      | Slain by Grinder

Illustrated notes

Levels and vault maps discovered:
D:1:      reono_arrival_forest_river, layout_basic, minmay_splitting_lines,
          minmay_misc_feat_hallway
D:2:      layout_basic, serial_curves, eino_curves_03, eino_curves_03,
          palyth_stone_intersect, uniq_terence
D:3:      minmay_evil_eye, layout_basic, portal_sewer_entry_d, minmay_checkerbox
D:4:      layout_cave_pools, uniq_sigmund, uniq_grinder

Skill      XL: |  1  2  3  4  5  6 |
---------------+-------------------+-----
Maces & Flails | 2 3 4 5 6 |  6.2
Fighting       | |  1.7
Throwing       | |  0.8
Armour         | |  1.2
Dodging        | |  1.4
Spellcasting   | |  1.8
Translocations | |  3.0

Action                   |  1- 3 |  4- 6 || total
-------------------------+-------+-------++-------
Melee: Mace              |   118 |   165 ||   283
       Tailslap          |    12 |    13 ||    25
Throw: Boomerang         |     4 |       ||     4
  Use: Scroll            |     2 |       ||     2
       Potion            |       |     6 ||     6
 Stab: Sleeping          |     1 |       ||     1
Armor: Leather armour    |     4 |       ||     4
       Ring mail         |    50 |    76 ||   126
Dodge: Dodged            |    50 |    81 ||   131

Table legend: (Time is in decaauts)
 A = Elapsed time spent in this place.
 B = Non-inter-level travel time spent in this place.
 C = Inter-level travel time spent in this place.
 D = Time resting spent in this place.
 E = Time spent auto-exploring this place.
 F = Levels seen in this place.
 G = Mean time per level.
                   A        B        C        D        E       F      G
               +--------+--------+--------+--------+--------+-----+--------+
         Total |   3267 |   2959 |    308 |    273 |   1799 |   5 |  653.4 |
       Dungeon |   2679 |   2371 |    308 |    176 |   1478 |   4 |  669.8 |
         Sewer |    588 |    588 |      0 |     97 |    320 |   1 |  588.0 |
               +--------+--------+--------+--------+--------+-----+--------+

Top non-repeatable levels by time:
     D:3: 915 daAuts
     D:2: 910 daAuts
   Sewer: 588 daAuts
     D:1: 546 daAuts
     D:4: 306 daAuts
